 Dungeon Crawl Stone Soup version 0.27-a0-1006-g1fd4cec11e (webtiles) character file.

Game seed: 234868112233552421

38 siradein the Sneak (level 3, -3/27 HPs)
             Began as a Demonspawn Brigand on Apr 18, 2021.
             Killed from afar by Natasha (5 damage)
             ... with a magic dart
             ... on level 2 of the Dungeon.
             The game lasted 00:02:16 (1907 turns).

siradein the Sneak (Demonspawn Brigand)             Turns: 1907, Time: 00:02:16

Health: -3/27      AC:  4    Str: 12    XL:     3   Next: 25%
Magic:  3/3        EV: 11    Int: 12    God:
Gold:   55         SH:  0    Dex: 14    Spells: 2/2 levels left

rFire    . . .     SeeInvis .   a - +2 dagger
rCold    . . .     Faith    .   (no shield)
rNeg     . . .     Spirit   .   b - +0 robe
rPois    .         Reflect  .   (no helmet)
rElec    .         Harm     .   c - +0 cloak
rCorr    .         Rampage  .   (no gloves)
Will     .....                  l - +0 pair of boots
Stlth    ++........             (no amulet)
HPRegen  0.09/turn              (no ring)
MPRegen  0.08/turn              (no ring)

@: no status effects
A: demonic guardian 1
a: no special abilities


You were on level 2 of the Dungeon.
You visited 1 branch of the dungeon, and saw 2 of its levels.

You collected 55 gold pieces.

Inventory:

Hand Weapons
 a - a +2 dagger (weapon)
Missiles
 d - 24 poisoned darts (quivered)
 e - 2 curare-tipped darts
Armour
 b - a +0 robe (worn)
 c - a +0 cloak (worn)
 l - a +0 pair of boots (worn)
Scrolls
 f - 2 scrolls of identify {unknown}
 h - a scroll of acquirement {unknown}
 i - a scroll of teleportation {unknown}
 j - a scroll of blinking {unknown}
 k - a scroll of enchant armour {unknown}
Potions
 g - a potion of curing {unknown}


   Skills:
 - Level 2.0 Fighting
 + Level 3.4 Short Blades
 - Level 1.7 Throwing
 - Level 0.8 Dodging
 - Level 3.6 Stealth


You had 2 spell levels left.
You didn't know any spells.
Your spell library was empty.

Dungeon Overview and Level Annotations

Branches:
Dungeon (2/15)

Altars:
Dithmenos

Annotations:
D:2 Natasha


Innate Abilities, Weirdness & Mutations

A weak demonic guardian rushes to your aid.


Message History

Unknown command.
You miss Natasha.
Natasha is moderately wounded.
The white imp misses you.
Unknown command.
Natasha closely misses you. Natasha claws you.
You hit Natasha.
Natasha is heavily wounded.
Unknown command.
You hit Natasha but do no damage.
Natasha is heavily wounded.
Natasha claws you but does no damage.
Unknown command.
You barely miss Natasha.
Natasha is heavily wounded.
Natasha claws you.
* * * LOW HITPOINT WARNING * * *
Unknown command.
You hit Natasha but do no damage.
Natasha is heavily wounded.
Natasha closely misses you.
Unknown command.
You hit Natasha.
Natasha is severely wounded.
Natasha claws you but does no damage.
Unknown command.
You miss Natasha.
Natasha is severely wounded.
Unknown command.
You barely miss Natasha.
Natasha is severely wounded.
Natasha claws you.
* * * LOW HITPOINT WARNING * * *
A demonic guardian appears!
The shadow imp grinds its teeth.
Unknown command.
Natasha casts a spell at you. The magic dart hits you.
You die...

.. ### . ..# . #.#
... #.# #.# #.# #..
#5# #.# #@# #h#
##.#####5#########
##.....>.5........#
##
)..#####.........#
.. ##.# ########..#
.# ##...# #..##.#
#.....# #..##.#
.......### ##..##.#


You could see Natasha (ally target), a white imp (summoned), a shadow imp
(summoned) and a friendly shadow imp (summoned).

Vanquished Creatures
  3 dart slugs (D:1)
  3 endoplasms (D:1)
  A giant cockroach (D:1)
  4 goblins (D:1)
  2 jackals (D:1)
  2 kobolds
  6 ball pythons
  2 bats
  3 frilled lizards
  4 rats
30 creatures vanquished.

Vanquished Creatures (collateral kills)
  2 jackals (D:1)
2 creatures vanquished.

Vanquished Creatures (others)
  2 plants (D:1)
2 creatures vanquished.

Grand Total: 34 creatures vanquished

Notes
Turn   | Place    | Note
-------+----------+-------------------------------------------
     0 | D:1      | siradein the Demonspawn Brigand began the quest for the
                  | Orb.
     0 | D:1      | Reached XP level 1. HP: 16/16 MP: 1/1
   263 | D:1      | Gained mutation: A weak demonic guardian rushes to your
                  | aid. [demonic ancestry]
   263 | D:1      | Reached XP level 2. HP: 8/22 MP: 2/2
  1053 | D:1      | Reached XP level 3. HP: 10/27 MP: 3/3
  1713 | D:2      | Found a shadowy altar of Dithmenos.
  1889 | D:2      | Noticed Natasha
  1907 | D:2      | Killed from afar by Natasha

Illustrated notes

Levels and vault maps discovered:
D:1:      minmay_arrival_four_houses, layout_loops_ring, serial_bayou_pond_c,
          minmay_indecisive_spiral
D:2:      layout_loops_ring, basic_altar, chequers_mini_garden, uniq_natasha,
          uniq_sigmund

Skill      XL: |  1  2 |
---------------+-------+-----
Short Blades   | 2 3 |  3.4
Fighting       | |  2.0
Throwing       | |  1.7
Dodging        | |  0.8
Stealth        | |  3.6

Action                   || total
-------------------------++-------
Melee: Dagger            ||   119
 Stab: Sleeping          ||     5
Armor: Robe              ||    36
Dodge: Dodged            ||    57

Table legend: (Time is in decaauts)
 A = Elapsed time spent in this place.
 B = Non-inter-level travel time spent in this place.
 C = Inter-level travel time spent in this place.
 D = Time resting spent in this place.
 E = Time spent auto-exploring this place.
 F = Levels seen in this place.
 G = Mean time per level.
                   A        B        C        D        E       F      G
               +--------+--------+--------+--------+--------+-----+--------+
         Total |   1898 |   1878 |     20 |      8 |   1623 |   2 |  949.0 |
       Dungeon |   1898 |   1878 |     20 |      8 |   1623 |   2 |  949.0 |
               +--------+--------+--------+--------+--------+-----+--------+

Top non-repeatable levels by time:
     D:1: 1691 daAuts
     D:2: 206 daAuts
